 Dungeon Crawl Stone Soup version 0.31-a0-237-g2d982f9f85 (webtiles) character file.

Game seed: 16168503138421323135

59 qw the Shooter (level 4, 0/26 HPs)
             Began as a Gargoyle Hexslinger on July 10, 2023.
             Slain by an ancient zyme (5 damage)
             ... on level 1 of the Abyss.
             The game lasted 00:00:44 (1423 turns).

qw the Shooter (Gargoyle Hexslinger)                Turns: 1423, Time: 00:00:45

Health: 0/26       AC:  8    Str: 12    XL:     4   Next: 3%
Magic:  5/5        EV: 10    Int: 13    God:
Gold:   46         SH:  0    Dex: 14    Spells: 4/5 levels left

rFire   . . .        Y - +1 sling (drain)
rCold   . . .        (no shield)
rNeg    + . .        j - +0 ring mail
rPois   inf          (no helmet)
rElec   +            (no cloak)
rCorr   .            (no gloves)
SInv    .            (no boots)
Will    .....        (no amulet)
Stlth   +            (no ring)
HPRegen 0.24/turn    (no ring)
MPRegen 0.09/turn

%: no passive effects
@: no status effects
A: sickness immunity, AC +3, negative energy resistance 1, electricity
resistance, torment resistance 1, petrification resistance
a: no special abilities


You were on level 1 of the Abyss.
You visited 1 branch of the dungeon, and saw 2 of its levels.
You visited the Abyss 1 time.

You collected 46 gold pieces.


Innate Abilities, Weirdness & Mutations

You are immune to sickness and miasma.
Your stone body is resilient. (AC +3)
You are immune to poison.
You resist negative energy. (rN+)
You are resistant to electric shocks. (rElec)
You are resistant to unholy torment.
You are immune to petrification.


   Skills:
 - Level 2.0 Fighting
 + Level 3.9 Ranged Weapons
 - Level 1.5 Dodging
 - Level 1.0 Spellcasting
 - Level 2.6 Hexes


You had 4 spell levels left.
You knew the following spells:

 Your Spells              Type           Power      Damage    Failure   Level
a - Slow                  Hex            28%        N/A       22%         1

Your spell library contained the following spells:

 Spells                   Type           Power      Damage    Failure   Level
 Inner Flame              Hex/Fire       4%         N/A       73%         3
 Portal Projectile        Hex/Tloc       8%         N/A       73%         3
 Cause Fear               Hex            3%         N/A       91%         4

Inventory:

Hand Weapons
 Y - a +1 sling of draining (weapon)
Armour
 a - the +0 cloak of the Furrier {Slay+3}
   (You found it on level 2 of the Dungeon)

   Slay:      It affects your accuracy & damage with ranged weapons and melee
   (+3).
 j - a +0 ring mail (worn)
Scrolls
 c - a scroll of torment {unknown}
Potions
 b - a potion of curing
 d - a potion of lignification {unknown}
 f - a potion of haste {unknown}

Dungeon Overview and Level Annotations

Branches:
Dungeon (2/15)

Altars:

Annotations:
Abyss:1 2 transporters


Message History

Enter note:
Enter note:
Enter note:
Enter note: You shoot a sling bullet.
The sling bullet barely misses the goblin.
The goblin hits you but does no damage.
You are cast into the Abyss!
This branch contains the abyssal rune of Zot.
Found three items.
Found a corrupted altar of Lugonu.
Waypoint 2 assigned to Abyss:1.
The balrug shouts!
The chaos spawn gives a hideous shriek!
The chaos spawn roars!
Found a corrupted altar of Lugonu.
An ancient zyme comes into view.
Enter note: You shoot a sling bullet.
The sling bullet barely misses the ancient zyme.
You shoot a sling bullet.
The sling bullet hits the ancient zyme but does no damage.
You shoot a sling bullet. The sling bullet hits the ancient zyme.
The ancient zyme is lightly damaged.
You shoot a sling bullet. The sling bullet hits the ancient zyme.
The ancient zyme is lightly damaged.
You shoot a sling bullet. The sling bullet hits the ancient zyme.
The ancient zyme is lightly damaged.
You shoot a sling bullet.
The sling bullet hits the ancient zyme but does no damage.
The ancient zyme is lightly damaged.
The ancient zyme barely misses you. The ancient zyme hits you. x2
The ancient zyme hits you!
You shoot a sling bullet.
The sling bullet hits the ancient zyme but does no damage.
The ancient zyme is lightly damaged.
The ancient zyme hits you. x2
You shoot a sling bullet.
The sling bullet hits the ancient zyme but does no damage.
The ancient zyme is lightly damaged.
The ancient zyme closely misses you. The ancient zyme hits you.
You die...

.. # # #. #... .
## .#. ...
......##.##.. #
.# ##....##..#.#
#.....##
##.#.....# #
.#.....#..#...#
#. ....#...#.@..#
.
.#....##..#.x#..#
#...#.##..##.#.#
...# ...
#...###.##.##
.... . ### ..# .#
... ##
#...#.####.. #. #
..#...##.# .##.
......#. .#... #.
.....# ## .# . ..


You could see an ancient zyme.

Vanquished Creatures
  A worm (D:2)
  A dart slug (D:1)
  6 bats
  8 endoplasms
  2 giant cockroaches (D:1)
  5 goblins
  6 hobgoblins
  2 kobolds
  2 quokkas (D:2)
  5 ball pythons
  A frilled lizard (D:1)
  8 rats
47 creatures vanquished.

Notes
Turn   | Place    | Note
-------+----------+-------------------------------------------
     0 | D:1      | qw the Gargoyle Hexslinger began the quest for the Orb.
     0 | D:1      | Reached XP level 1. HP: 12/12 MP: 2/2
     0 | D:1      | 0 ||| qw: Version: 0.3-a-52-g30416fa
     0 | D:1      | 0 ||| qw: Game counter: 5340
     0 | D:1      | 0 ||| qw: Melee chars always use a shield: true
     0 | D:1      | 0 ||| qw: God list: Okawaru
     0 | D:1      | 0 ||| qw: Allow faded altars: false
     0 | D:1      | 0 ||| qw: Do Orc after clearing Dungeon:15 true
     0 | D:1      | 0 ||| qw: Do second Lair branch before Depths: true
     0 | D:1      | 0 ||| qw: Lair rune preference: random
     0 | D:1      | 0 ||| qw: Goals: Normal
     0 | D:1      | 0 ||| PLANNING D:1-11
    17 | D:1      | 17 ||| DROPPING scroll of poison.
    43 | D:1      | Reached XP level 2. HP: 16/16 MP: 3/3
    45 | D:1      | 45 ||| FLEEEEING.
    47 | D:1      | 47 ||| FLEEEEING.
    48 | D:1      | 48 ||| FLEEEEING.
    49 | D:1      | 49 ||| FLEEEEING.
    50 | D:1      | 50 ||| FLEEEEING.
    51 | D:1      | 51 ||| FLEEEEING.
    52 | D:1      | 52 ||| FLEEEEING.
    56 | D:1      | 56 ||| FLEEEEING.
    57 | D:1      | 57 ||| FLEEEEING.
    58 | D:1      | 58 ||| FLEEEEING.
   126 | D:1      | Reached skill level 3 in Ranged Weapons
   289 | D:1      | 289 ||| FLEEEEING.
   296 | D:1      | Reached XP level 3. HP: 18/21 MP: 4/4
   596 | D:1      | Found a faded altar of an unknown god.
   704 | D:1      | 704 ||| UPGRADING to +0 ring mail.
   714 | D:1      | 714 ||| DROPPING +0 robe.
   715 | D:1      | 715 ||| READING scroll labelled XIEGOE ONUNAR.
   716 | D:1      | 716 ||| READING scroll labelled PIOPUBE NISSOI.
   717 | D:1      | 717 ||| READING scroll labelled ZOONUB CYWUMI.
   718 | D:1      | 718 ||| READING scroll labelled MIENAT IGOR.
   719 | D:1      | 719 ||| DRINKING 2 blue potions.
   855 | D:2      | Identified the +0 cloak of the Furrier {Slay+3}
   874 | D:2      | 874 ||| FLEEEEING.
   875 | D:2      | 875 ||| FLEEEEING.
   876 | D:2      | 876 ||| FLEEEEING.
  1254 | D:2      | Reached XP level 4. HP: 26/26 MP: 5/5
  1381 | Abyss:1  | a glowing shapeshifter changed into a mana viper
  1381 | Abyss:1  | Noticed a mana viper (glowing shapeshifter)
  1381 | Abyss:1  | Noticed a chaos spawn
  1381 | Abyss:1  | Noticed a tentacled starspawn
  1381 | Abyss:1  | Noticed an ancient zyme
  1381 | Abyss:1  | Noticed a balrug
  1381 | Abyss:1  | Noticed a chaos spawn
  1381 | Abyss:1  | Noticed a tentacled starspawn
  1381 | Abyss:1  | Noticed a tentacled monstrosity
  1381 | Abyss:1  | Noticed a wretched star
  1381 | Abyss:1  | Found a transporter.
  1381 | Abyss:1  | Found a transporter.
  1381 | Abyss:1  | Found a corrupted altar of Lugonu.
  1381 | Abyss:1  | Cast into level 1 of the Abyss (goblin)
  1382 | Abyss:1  | Noticed a tentacled starspawn
  1383 | Abyss:1  | Noticed a tentacled starspawn
  1387 | Abyss:1  | Found a corrupted altar of Lugonu.
  1415 | Abyss:1  | Noticed an ancient zyme
  1422 | Abyss:1  | HP: 4/26 [ancient zyme (3)]
  1423 | Abyss:1  | Slain by an ancient zyme

Levels and vault maps discovered:
D:1:      zelgadis_glass_arrival_small, layout_basic,
          shapermc_ecumenical_altar_acropolis
D:2:      layout_basic
Abyss:1:  base: Temple, gammafunk_corrupted_shrine

Skill      XL: |  1  2 |
---------------+-------+-----
Ranged Weapons | 3 |  3.9
Fighting       | 2 |  2.0
Dodging        | |  1.5
Spellcasting   | |  1.0
Hexes          | |  2.6

Action                     |  1- 3 |  4- 6 || total
---------------------------+-------+-------++-------
   Fire: Sling             |   149 |    16 ||   165
    Use: Scroll            |     4 |       ||     4
         Potion            |     1 |       ||     1
 Armour: Robe              |    29 |       ||    29
         Ring mail         |    13 |     3 ||    16
  Dodge: Dodged            |    83 |     2 ||    85

Table legend:
 A = Non-vault XP
 B = Vault XP
 C = Vault XP percentage of total XP
 D = Non-vault monster count
 E = Vault monster count
 F = Vault count percentage of total count
                 A         B        C        D         E       F
            +---------+---------+-------+---------+---------+-------
      Total |      85 |       0 |   0.0 |      47 |       0 |   0.0
            +---------+---------+-------+---------+---------+-------
        D:1 |      48 |       0 |   0.0 |      28 |       0 |   0.0
        D:2 |      37 |       0 |   0.0 |      19 |       0 |   0.0
            +---------+---------+-------+---------+---------+-------
